 Dungeon Crawl Stone Soup version 0.24-a0-375-g4de66ed42b (webtiles) character file.

Game seed: 13933425769306833605

40400 goulibeur the Fighter (level 13, 0/119 HPs)
             Began as a Minotaur Fighter on May 31, 2019.
             Was an Elder of Trog.
             Slain by a crocodile (1 damage)
             ... while petrified by you
             ... on level 6 of the Lair of Beasts.
             The game lasted 01:08:37 (17896 turns).

goulibeur the Fighter (Minotaur Fighter)           Turns: 17896, Time: 01:08:38

Health: 0/119      AC: 21    Str: 24    XL:     13   Next: 74%
Magic:  12/12      EV:  2    Int:  5    God:    Trog [****..]
Gold:   982        SH:  0    Dex: 16    Spells: 12/12 levels left

rFire    . . .     SeeInvis .   E - +4 demon whip
rCold    . . .     Gourm    .   c - +1 shield
rNeg     + + +     Faith    .   w - +0 plate armour
rPois    ∞         Spirit   .   (helmet restricted)
rElec    .         Reflect  .   C - +2 cloak
rCorr    .         Harm     .   j - +0 pair of gloves
MR       .....                  G - +0 pair of boots
Stlth    ..........             (no amulet)
HPRegen  0.29/turn              o - +2 ring of strength
MPRegen  0.13/turn              r - +2 ring of dexterity

@: petrified, berserk cooldown, slowed
A: retaliatory headbutt, horns 2
a: Berserk, Trog's Hand, Brothers in Arms, Renounce Religion


You were on level 6 of the Lair of Beasts.
You worshipped Trog.
Trog was greatly pleased with you.
You were very hungry.

You visited 3 branches of the dungeon, and saw 19 of its levels.

You collected 1112 gold pieces.
You spent 130 gold pieces at shops.

Inventory:

Hand Weapons
 E - a +4 demon whip (weapon)
Missiles
 a - 4 curare-tipped darts
 t - 5 boomerangs (quivered)
 F - 144 sling bullets
 I - 24 poisoned darts
 K - 3 silver boomerangs
 P - 7 boomerangs of dispersal
 S - 10 javelins
Armour
 c - a +1 shield (worn)
 j - a +0 pair of gloves (worn)
 k - a +0 shield
 w - a +0 plate armour (worn)
 C - a +2 cloak (worn)
 G - a +0 pair of boots (worn)
Jewellery
 o - a +2 ring of strength (left hand)
 p - an uncursed ring of wizardry {unknown}
 r - a +2 ring of dexterity (right hand)
 Q - a +4 amulet of reflection {unknown}
 V - a +3 ring of evasion
Wands
 b - a wand of iceblast (12)
 i - a wand of digging (15)
 l - a wand of enslavement (11)
 n - a wand of flame (32)
 y - a wand of random effects (49)
 M - a wand of disintegration (21)
 R - a wand of acid (19)
Scrolls
 g - a scroll of fog
 h - a scroll of immolation {unknown}
 q - 13 scrolls of remove curse
 x - 2 scrolls of magic mapping {unknown}
 H - 4 scrolls of enchant armour
 J - 2 scrolls of blinking
 L - 3 scrolls of acquirement {unknown}
 N - 10 scrolls of teleportation
 T - 4 scrolls of identify
 U - a scroll of silence {unknown}
 W - 2 scrolls of amnesia {unknown}
Potions
 d - 6 potions of might
 e - a potion of lignification {unknown}
 m - 11 potions of curing
 s - a potion of cancellation {unknown}
 u - 2 potions of invisibility
 v - 3 potions of magic
 z - a potion of brilliance {unknown}
 A - 3 potions of haste
 B - 3 potions of flight
 O - a potion of heal wounds {unknown}
 X - 3 potions of ambrosia {unknown}
Comestibles
 f - 39 rations
 D - 3 chunks of flesh


   Skills:
 * Level 12.7 Fighting
 * Level 12.5 Maces & Flails
 + Level 9.7 Throwing
 + Level 11.8 Armour
 + Level 10.5 Dodging
 + Level 11.8 Shields


You had 12 spell levels left.
You didn't know any spells.
Your spell library contained the following spells:

 Spells                   Type           Power        Failure   Level  Hunger
 Confusing Touch          Hex            #.....       100%        1    ##.....
 Sublimation of Blood     Necr           #.........   100%        2    ###....
 Confuse                  Hex            #.......     100%        3    ####...
 Gell's Gravitas          Tloc           #.........   100%        3    ####...
 Ignite Poison            Fire/Tmut/Pois #.......     100%        3    ####...
 Petrify                  Tmut/Erth      #.......     100%        4    #####..
 Alistair's Intoxication  Tmut/Pois      #.......     100%        5    ######.
 Irradiate                Conj/Tmut      #.........   100%        5    ######.
 Metabolic Englaciation   Hex/Ice        #.........   100%        5    ######.
 Yara's Violent Unravell  Hex/Tmut       #.........   100%        5    ######.


Dungeon Overview and Level Annotations

Branches:
Dungeon (12/15)            Temple (1/1) D:5            Lair (6/6) D:8
  Swamp (0/4) Lair:4       Spider (0/4) Lair:4        Slime (0/5) Lair:5
    Orc (0/2) D:11

Altars:
Ashenzari
Cheibriados
Dithmenos
Elyvilon
Fedhas
Gozag
Hepliaklqana
Kikubaaqudgha
Makhleb
Nemelex Xobeh
Okawaru
Qazlal
Ru
Sif Muna
Trog
Uskayaw
Vehumet
Wu Jian
Xom
Yredelemnul
Zin
The Shining One

Shops:
D:4 *

Annotations:
D:7 2 transporters, aaksess's ghost, novice OpTm
D:8 3 runed translucent doors, aaksess's ghost, novice OgFE
D:12 Gastronok
Lair:1 2 transporters, Ponis's ghost, journeyman DECj


Innate Abilities, Weirdness & Mutations

You reflexively headbutt those who attack you in melee.
You have a pair of horns on your head.


Message History

A yak comes into view.
The crocodile bites you but does no damage.
You are engulfed in calcifying dust.
The catoblepas gores you!!
* * * LOW HITPOINT WARNING * * *
The death yak is engulfed in calcifying dust.
The blink frog blinks!
The death yak gores you!
* * * LOW HITPOINT WARNING * * *
The komodo dragon bites you.
* * * LOW HITPOINT WARNING * * *
A yak comes into view.
The crocodile bites you but does no damage.
You are engulfed in calcifying dust.
The sentinel's mark upon you fades away.
The catoblepas gores you!
* * * LOW HITPOINT WARNING * * *
The death yak gores you but does no damage.
The komodo dragon bites you!
* * * LOW HITPOINT WARNING * * *
The blink frog blinks!
The crocodile bites you.
You die...

......(........................
..............................
.........Y.Y..........^......
........[.................
.....Y...........#+++#...
........Y..§..(.## ##..
.......YY§§...### ###
...F...lYY...## #
#.....Yt@P##P# #.....Y######
+.....#.# ..........#
.........t# ........#.#
.......# .. #...... ... ..<....
...


You could see 3 death yaks, a catoblepas, a komodo dragon, 6 yaks, a blink frog
and a crocodile.

Vanquished Creatures
  Rupert (Lair:4)
  Josephine (Lair:4)
  An ogre mage (D:11)
  3 hydras
  A catoblepas (Lair:6)
  A two-headed ogre (D:11)
  6 death yaks
  Sonja (Lair:4)
  5 lindwurms
  A manticore (Lair:6)
  3 elephants (Lair:4)
  Psyche (D:9)
  5 black mambas
  8 spiny frogs
  4 komodo dragons
  A polar bear (Lair:3)
  A tyrant leech (Lair:4)
  A wind drake (shapeshifter) (D:9)
  16 blink frogs
  5 trolls
  3 hornets
  Prince Ribbit (Lair:3)
  A hippogriff (Lair:1)
  A redback (Lair:4)
  A meliai zombie (D:11)
  A spriggan (D:7)
  A vampire (D:10)
  4 wyverns
  4 wraiths
  4 basilisks
  19 yaks
  A hungry ghost (D:7)
  A steam dragon (Lair:4)
  2 swamp worms (Lair:4)
  9 orc warriors
  5 porcupines
  14 water moccasins
  An ice beast (D:7)
  4 sky beasts
  A black bear (D:8)
  2 necrophages
  2 phantoms
  5 ogres
  4 wolves (Lair:4)
  6 centaurs
  11 crocodiles
  3 big kobolds (D:11)
  2 gnoll sergeants (D:11)
  13 bullfrogs
  A scorpion (Lair:4)
  8 wights
  An electric eel (Lair:2)
  A howler monkey (D:12)
  2 bullfrog zombies
  12 crimson imps
  3 centaur zombies
  3 hounds
  3 bullfrog skeletons
  4 centaur skeletons
  2 jellies
  9 orc priests
  7 orc wizards
  An iguana (Lair:4)
  Ijyb (D:2)
  13 worker ants
  4 hell rats (Lair:3)
  A hound skeleton (D:5)
  9 gnolls
  8 adders
  A hound simulacrum (D:11)
  4 shadow imps
  2 white imps (D:8)
  5 oozes
  2 adder skeletons
  3 worms
  6 dart slugs
  5 leopard geckos
  33 orcs
  2 ball pythons
  10 giant cockroaches
  12 goblins
  7 hobgoblins
  17 jackals
  4 kobolds
  5 quokkas
  6 bats
  4 frilled lizards
  A leopard gecko skeleton (D:4)
  A quokka zombie (D:6)
  3 rats
  A bush (Lair:3)
419 creatures vanquished.

Vanquished Creatures (others)
  4 fungi
  7 plants
11 creatures vanquished.

Grand Total: 430 creatures vanquished

Notes
Turn   | Place    | Note
-------+----------+-------------------------------------------
     0 | D:1      | goulibeur the Minotaur Fighter began the quest for the Orb.
     0 | D:1      | Reached XP level 1. HP: 19/19 MP: 0/0
   107 | D:1      | Reached XP level 2. HP: 27/27 MP: 1/1
   478 | D:1      | Reached skill level 1 in Dodging
   676 | D:2      | Reached XP level 3. HP: 27/33 MP: 2/2
   875 | D:2      | Reached skill level 1 in Throwing
  1285 | D:2      | Noticed Ijyb
  1308 | D:2      | Killed Ijyb
  1308 | D:2      | Reached XP level 4. HP: 39/40 MP: 3/3
  1573 | D:3      | Reached XP level 5. HP: 25/47 MP: 4/4
  2480 | D:4      | Reached XP level 6. HP: 53/53 MP: 5/5
  2501 | D:4      | Found the +2 robe of Vines {NoPotionHeal Regen+7}
  2862 | D:4      | Reached skill level 5 in Shields
  2942 | D:4      | Reached skill level 5 in Fighting
  2942 | D:4      | Reached skill level 5 in Armour
  3089 | D:4      | Found Ciwn's Lightly-Used Armoury.
  3095 | D:4      | Reached XP level 7. HP: 60/61 MP: 6/6
  3101 | D:4      | Bought a -1 demon whip for 130 gold pieces
  3269 | D:5      | Entered Level 5 of the Dungeon
  3522 | D:5      | Found a staircase to the Ecumenical Temple.
  3532 | Temple   | Entered the Ecumenical Temple
  3724 | D:5      | Found an iron altar of Okawaru.
  3809 | D:5      | Reached XP level 8. HP: 65/70 MP: 7/7
  3907 | D:5      | Reached skill level 5 in Maces & Flails
  4195 | D:6      | Found a snail-covered altar of Cheibriados.
  5099 | D:7      | Found a transporter.
  5099 | D:7      | Noticed aaksess's ghost (novice OpTm)
  5101 | D:7      | Found a transporter.
  5479 | D:7      | Reached skill level 5 in Dodging
  5484 | D:7      | Found a hide-covered altar of Uskayaw.
  5484 | D:7      | Found a radiant altar of Vehumet.
  5490 | D:7      | Found a faded altar of an unknown god.
  5492 | D:7      | Found a shattered altar of Ashenzari.
  5493 | D:7      | Found a shimmering altar of Xom.
  5499 | D:7      | Reached XP level 9. HP: 75/78 MP: 8/8
  6084 | D:7      | Reached skill level 5 in Throwing
  6233 | D:7      | Paralysed by fainting for 6 turns
  6446 | D:8      | Noticed aaksess's ghost (novice OgFE)
  6460 | D:8      | Found a staircase to the Lair.
  6890 | D:8      | Found a runed translucent gate.
  6894 | D:8      | Found a runed translucent gate.
  6894 | D:8      | Found a runed translucent gate.
  6928 | D:8      | Found a hazy altar of Hepliaklqana.
  7554 | D:9      | Reached XP level 10. HP: 88/88 MP: 9/9
  7580 | D:9      | Noticed Psyche
  7593 | D:9      | Killed Psyche
  8150 | D:10     | Entered Level 10 of the Dungeon
  9015 | D:11     | Reached XP level 11. HP: 25/97 MP: 10/10
  9679 | D:11     | Noticed an ogre mage
  9706 | D:11     | Paralysed by an ogre mage for 3 turns
  9711 | D:11     | Killed an ogre mage
  9773 | D:11     | Noticed a two-headed ogre
  9957 | D:11     | Killed a two-headed ogre
 10286 | D:11     | Found a staircase to the Orcish Mines.
 10650 | Temple   | Became a worshipper of Trog the Wrathful
 10872 | D:12     | Noticed Gastronok
 11169 | Lair:1   | Entered Level 1 of the Lair of Beasts
 11253 | Lair:1   | Reached skill level 10 in Shields
 11641 | Lair:1   | Reached skill level 10 in Armour
 11708 | Lair:1   | Noticed Ponis's ghost (journeyman DECj)
 11755 | Lair:1   | Found a transporter.
 11882 | Lair:1   | Found a transporter.
 11889 | Lair:1   | Found a bloodstained altar of Trog.
 11890 | Lair:1   | Identified the +7 trident of a Hundred Realms {distort,
                  | Dex+3}
 11890 | Lair:1   | Noticed a spriggan rider
 11901 | Lair:1   | Identified the +11 spear of the Big Fish {antimagic, *Noise
                  | rPois Stlth+}
 11901 | Lair:1   | Noticed a spriggan rider
 11915 | Lair:1   | Reached skill level 10 in Fighting
 11991 | Lair:1   | Reached * piety under Trog
 12430 | Lair:2   | Noticed a death yak
 12430 | Lair:2   | Noticed a death yak
 12431 | Lair:2   | Noticed a death yak
 12434 | Lair:2   | Noticed a death yak
 12459 | Lair:2   | Killed a death yak
 12459 | Lair:2   | Reached XP level 12. HP: 106/106 MP: 11/11
 12467 | Lair:2   | Killed a death yak
 12470 | Lair:2   | Killed a death yak
 12470 | Lair:2   | Reached skill level 10 in Maces & Flails
 12473 | Lair:2   | Killed a death yak
 13356 | Lair:3   | Noticed Prince Ribbit
 13369 | Lair:3   | Killed Prince Ribbit
 14025 | Lair:4   | Noticed Josephine
 14035 | Lair:4   | Killed Josephine
 14046 | Lair:4   | Reached ** piety under Trog
 14301 | Lair:4   | Noticed Rupert
 14303 | Lair:4   | Found a hole to the Spider Nest.
 14319 | Lair:4   | Killed Rupert
 14631 | Lair:4   | Noticed a seven-headed hydra
 14637 | Lair:4   | Noticed a five-headed hydra
 14664 | Lair:4   | Killed a seven-headed hydra
 14667 | Lair:4   | Killed a five-headed hydra
 14667 | Lair:4   | Reached XP level 13. HP: 116/116 MP: 12/12
 15111 | Lair:4   | Noticed Sonja
 15193 | Lair:4   | Killed Sonja
 15193 | Lair:4   | Reached skill level 10 in Dodging
 15445 | Lair:4   | Found a staircase to the Swamp.
 16061 | Lair:5   | Reached *** piety under Trog
 16229 | Lair:5   | Found a staircase to the Slime Pits.
 16996 | Lair:6   | Entered Level 6 of the Lair of Beasts
 17865 | Lair:6   | Reached **** piety under Trog
 17896 | Lair:6   | HP: 1/119 [komodo dragon (7)]
 17896 | Lair:6   | Slain by a crocodile

Levels and vault maps discovered:
D:1:      tarquinn_simple_flora_water_b, layout_basic
D:2:      kennysheep_the_goblin_king, layout_loops_ring
D:3:      layout_basic, first_ration, kennysheep_pointless_box, st_stairs_1,
          uniq_ijyb
D:4:      layout_loops_ring, minmay_shop_damaged
D:5:      layout_basic, minmay_temple_entry_hall, minmay_crystal_water,
          kennysheep_okawaru_gauntlet
D:6:      layout_loops_corners, marbit_many_paths
D:7:      layout_basic, chequers_temple_overflow_minitemple,
          gammafunk_ghost_mausoleum, the_bakery
D:8:      layout_basic, lemuel_crystal_altar, dpeg_oklobed_lair,
          gammafunk_ghost_split, minmay_nine_imps
D:9:      layout_stronghold, chequers_jeans, kennysheep_nondescript, uniq_psyche
D:10:     layout_cave_pools, minmay_stone_trees_medium
D:11:     layout_cave_pools, kennysheep_orc_monster_closet_entryway, hex_large,
          hangedman_decor_riveting, minmay_fractal_squares_gapless_7
D:12:     layout_irregular_city, uniq_gastronok
Temple:   compressed_dpeg_circular_temple
Lair:1:   layout_regular_city, gammafunk_ghost_wrathful_warriors
Lair:2:   layout_gridlike, minmay_holes
Lair:3:   layout_concentric_octagons, uniq_prince_ribbit2
Lair:4:   layout_roguey, palyth_hydra_swamp_entry, spider_nest_entry_webs,
          uniq_sonja, uniq_josephine, uniq_rupert
Lair:5:   layout_small_grid, dpeg_slime_entry_corner, serial_forest,
          infiniplex_forest_clump_long, infiniplex_forest_lined_2,
          infiniplex_forest_end_3, infiniplex_forest_join,
          infiniplex_forest_clump_curved, infiniplex_forest_lined_room_2,
          infiniplex_forest_clump_tiny, infiniplex_forest_clump_small,
          minmay_lindwurm_lava
Lair:6:   evilmike_catoblepas_cave, layout_regular_city, st_stairs_6,
          zaba_antful_of_joy

Skill      XL: |  1  2  3  4  5  6  7  8  9 10 11 12 13 |
---------------+----------------------------------------+-----
Dodging        | 1 2 3 5 6 7 8 9 10 | 10.5
Shields        | 4 5 6 8 9 10 11 | 11.8
Throwing       | 1 2 3 4 5 7 8 9 |  9.7
Armour         | 4 5 6 7 9 10 11 | 11.8
Fighting       | 4 5 6 7 9 10 11 12 | 12.7
Maces & Flails | 3 4 6 7 8 9 11 12 | 12.5

Action                   |  1- 3 |  4- 6 |  7- 9 | 10-12 | 13-15 || total
-------------------------+-------+-------+-------+-------+-------++-------
Melee: Flail             |    91 |   182 |       |       |       ||   273
       Headbutt          |    18 |    44 |    85 |   186 |    74 ||   407
       Demon whip        |       |       |   413 |   711 |   251 ||  1375
Throw: Boomerang         |     1 |       |     8 |    16 |    67 ||    92
Invok: Berserk           |       |       |       |     3 |     3 ||     6
  Use: Scroll            |       |       |    12 |     9 |     1 ||    22
       Potion            |       |       |       |       |     2 ||     2
  Eat: Chunk             |     1 |     6 |    13 |    21 |     6 ||    47
       Ration            |       |       |     1 |     1 |     2 ||     4
Armor: Chain mail        |    43 |    94 |    19 |       |       ||   156
       Plate armour      |       |       |   160 |   211 |    79 ||   450
Dodge: Dodged            |    18 |    35 |    70 |   171 |    54 ||   348
Block: Shield            |    52 |    90 |   186 |   350 |    96 ||   774

Table legend:
 A = Non-vault XP
 B = Vault XP
 C = Vault XP percentage of total XP
 D = Non-vault monster count
 E = Vault monster count
 F = Vault count percentage of total count
                 A         B        C        D         E       F
            +---------+---------+-------+---------+---------+-------
      Total |   36941 |   20774 |  36.0 |     342 |      76 |  18.2
            +---------+---------+-------+---------+---------+-------
        D:1 |      37 |       0 |   0.0 |      16 |       0 |   0.0
        D:2 |      52 |      47 |  47.5 |      18 |       7 |  28.0
        D:3 |     197 |       5 |   2.5 |      38 |       2 |   5.0
        D:4 |     396 |       0 |   0.0 |      14 |       0 |   0.0
        D:5 |     779 |       0 |   0.0 |      19 |       0 |   0.0
        D:6 |     774 |     121 |  13.5 |      28 |       1 |   3.4
        D:7 |     999 |     220 |  18.0 |      15 |       1 |   6.2
        D:8 |     955 |     362 |  27.5 |      24 |       9 |  27.3
        D:9 |    1551 |     439 |  22.1 |      13 |       1 |   7.1
       D:10 |    2548 |       0 |   0.0 |      20 |       0 |   0.0
       D:11 |    3433 |    3928 |  53.4 |      28 |      26 |  48.1
       D:12 |     523 |       0 |   0.0 |      11 |       0 |   0.0
     Lair:1 |    3284 |       0 |   0.0 |      16 |       0 |   0.0
     Lair:2 |    4536 |       0 |   0.0 |       9 |       0 |   0.0
     Lair:3 |    1945 |    1335 |  40.7 |      12 |       5 |  29.4
     Lair:4 |    4786 |    7875 |  62.2 |      20 |      13 |  39.4
     Lair:5 |    3553 |    2615 |  42.4 |      16 |       4 |  20.0
     Lair:6 |    6593 |    3827 |  36.7 |      25 |       7 |  21.9
            +---------+---------+-------+---------+---------+-------
